TOP OF THE 1ST |
Cincinnati (NYP) Reds batting - Pitching for Auburn Doubledays : LHP Peni Keli'i
|
Pitching: LHP Peni Keli'i
|
|
Batting: RHB Randy Grewe
|
0-0: Called Strike 0-1: Foul Ball, location: 2F 0-2: Ball 1-2: Foul Ball, location: 2F 1-2: SINGLE (Line Drive, 9S, EV 101.9 MPH)
|
Batting: RHB Tim Walter
|
0-0: Called Strike 0-1: Ball 1-1: Swinging Strike 1-2: Foul Ball, location: 2F 1-2: Foul Ball, location: 2F 1-2: Ball 2-2: Ball 3-2: Grounds into double play, 6-4-3 (Groundball, 6, EV 103.1 MPH)
|
Batting: RHB David Clough
|
0-0: Ball 1-0: Fly out, F4 (Popup, 34, EV 73.1 MPH)
|
Top of the 1st over - 0 runs, 1 hit, 0 errors, 0 left on base; Cincinnati (NYP) 0 - Auburn 0 |
BOTTOM OF THE 1ST |
Auburn Doubledays batting - Pitching for Cincinnati (NYP) Reds : RHP Kevin Nabity
|
Pitching: RHP Kevin Nabity
|
|
Batting: RHB Bobby Bricker
|
0-0: Called Strike 0-1: Ball 1-1: Ball 2-1: Foul Ball, location: 2F 2-2: Ball 3-2: Foul Ball, location: 2F 3-2: Foul Ball, location: 2F 3-2: Base on Balls
|
Batting: LHB Vince McLane
|
0-0: Ball Wild Pitch! Bobby Bricker to second 1-0: Foul Ball, location: 2F 1-1: Called Strike 1-2: Ground out U3 (Groundball, 34, EV 101.9 MPH) Bobby Bricker to third
|
Batting: RHB Leo Gutierrez
|
0-0: Ball 1-0: Ball 2-0: Called Strike 2-1: Ground out 4-3 (Groundball, 4, EV 106.2 MPH) Bobby Bricker scores
|
Batting: RHB Justin Davenport
|
0-0: Foul Ball, location: 2F 0-1: Ball 1-1: Called Strike 1-2: Ball 2-2: Strikes out looking
|
Bottom of the 1st over - 1 run, 0 hits, 0 errors, 0 left on base; Cincinnati (NYP) 0 - Auburn 1 |
TOP OF THE 2ND |
Cincinnati (NYP) Reds batting - Pitching for Auburn Doubledays : LHP Peni Keli'i
|
Batting: RHB Jon Marquez
|
0-0: Called Strike 0-1: Fly out, F8 (Flyball, 8RD, EV 105.0 MPH)
|
Batting: SHB Cesar Pelayo
|
0-0: Swinging Strike 0-1: Ball 1-1: Ball 2-1: Swinging Strike 2-2: Strikes out swinging
|
Batting: RHB R.J. Romberg
|
0-0: Called Strike 0-1: Fly out, F8 (Flyball, 8RM, EV 88.8 MPH)
|
Top of the 2nd over - 0 runs, 0 hits, 0 errors, 0 left on base; Cincinnati (NYP) 0 - Auburn 1 |
BOTTOM OF THE 2ND |
Auburn Doubledays batting - Pitching for Cincinnati (NYP) Reds : RHP Kevin Nabity
|
Batting: RHB Jim Towle
|
0-0: Ball 1-0: Foul Ball, location: 2F 1-1: Foul Ball, location: 2F 1-2: Ball 2-2: Foul Ball, location: 2F 2-2: Ball 3-2: Ground out 5-3 (Groundball, 5S, EV 76.2 MPH)
|
Batting: LHB Chris Williams
|
0-0: Foul Ball, location: 2F 0-1: Foul Ball, location: 2F 0-2: Ball 1-2: Ball 2-2: TRIPLE (Groundball, 5L, EV 109.4 MPH)
|
Batting: RHB Er Le
|
0-0: Called Strike 0-1: DOUBLE (Line Drive, 7LM, EV 91.9 MPH) Chris Williams scores
|
Batting: LHB Adam Jacobs
|
0-0: Ball 1-0: Called Strike 1-1: Swinging Strike 1-2: Ball 2-2: Strikes out looking
|
Batting: RHB Jessie Fisher
|
0-0: SINGLE (Flyball, 3D, EV 96.2 MPH) Er Le to third Runner from 3rd tries for Home, SAFE, throw by RF to home
|
Batting: RHB Bobby Bricker
|
0-0: Foul Ball, location: 2F 0-1: Swinging Strike 0-2: Foul Ball, location: 2F 0-2: Ball 1-2: Foul Ball, location: 2F 1-2: Ball 2-2: Strikes out swinging
|
Bottom of the 2nd over - 2 runs, 3 hits, 0 errors, 1 left on base; Cincinnati (NYP) 0 - Auburn 3 |
TOP OF THE 3RD |
Cincinnati (NYP) Reds batting - Pitching for Auburn Doubledays : LHP Peni Keli'i
|
Batting: LHB Jason Pirkle
|
0-0: Ball 1-0: Ground out 6-3 (Groundball, 6, EV 80.6 MPH)
|
Batting: RHB Cyd Carver
|
0-0: Ball 1-0: Ball 2-0: Foul Ball, location: 2F 2-1: Ball 3-1: Called Strike 3-2: Foul Ball, location: 2F 3-2: Fly out, F9 (Line Drive, 9, EV 102.5 MPH)
|
Batting: LHB Akira Yamano
|
0-0: Called Strike 0-1: Called Strike 0-2: Strikes out swinging
|
Top of the 3rd over - 0 runs, 0 hits, 0 errors, 0 left on base; Cincinnati (NYP) 0 - Auburn 3 |
BOTTOM OF THE 3RD |
Auburn Doubledays batting - Pitching for Cincinnati (NYP) Reds : RHP Kevin Nabity
|
Batting: LHB Vince McLane
|
0-0: Ground out 6-3 (Groundball, 4M, EV 82.5 MPH)
|
Batting: RHB Leo Gutierrez
|
0-0: Ball 1-0: Swinging Strike 1-1: Fly out, F8 (Flyball, 8LM, EV 83.1 MPH)
|
Batting: RHB Justin Davenport
|
0-0: Swinging Strike 0-1: Ball 1-1: Swinging Strike 1-2: Strikes out looking
|
Bottom of the 3rd over - 0 runs, 0 hits, 0 errors, 0 left on base; Cincinnati (NYP) 0 - Auburn 3 |
TOP OF THE 4TH |
Cincinnati (NYP) Reds batting - Pitching for Auburn Doubledays : LHP Peni Keli'i
|
Batting: RHB Randy Grewe
|
0-0: Called Strike 0-1: Foul Ball, location: 2F 0-2: Foul Ball, location: 2F 0-2: Strikes out swinging
|
Batting: RHB Tim Walter
|
0-0: Ball 1-0: Swinging Strike 1-1: Ball 2-1: Foul Ball, location: 2F 2-2: SINGLE (Groundball, 4M, EV 90.0 MPH) (infield hit)
|
Batting: RHB David Clough
|
0-0: Foul Ball, location: 2F 0-1: Called Strike 0-2: Ball 1-2: Ball 2-2: Ball 3-2: Foul Ball, location: 2F 3-2: Strikes out looking
|
Batting: RHB Jon Marquez
|
0-0: Ball Passed Ball! Tim Walter to second 1-0: Fly out, F3 (Popup, 3F, EV 76.9 MPH)
|
Top of the 4th over - 0 runs, 1 hit, 0 errors, 1 left on base; Cincinnati (NYP) 0 - Auburn 3 |
BOTTOM OF THE 4TH |
Auburn Doubledays batting - Pitching for Cincinnati (NYP) Reds : RHP Kevin Nabity
|
Batting: RHB Jim Towle
|
0-0: Ball 1-0: Called Strike 1-1: SINGLE (Groundball, P, EV 78.8 MPH) (infield hit)
|
Batting: LHB Chris Williams
|
0-0: Ball 1-0: Fly out, F8 (Flyball, 8RM, EV 90.6 MPH)
|
Batting: RHB Er Le
|
0-0: Called Strike Jim Towle steals 2nd base 0-1: Ball 1-1: Ball 2-1: Ball 3-1: TRIPLE (Flyball, 78XD, EV 91.9 MPH) Jim Towle scores
|
Batting: LHB Adam Jacobs
|
0-0: Ball 1-0: Ball 2-0: Fly out, F9 (Flyball, 9LS, EV 83.8 MPH)
|
Batting: RHB Jessie Fisher
|
0-0: SINGLE (Line Drive, 6M, EV 99.4 MPH) Er Le scores
|
Batting: RHB Bobby Bricker
|
0-0: Ball 1-0: Called Strike 1-1: Swinging Strike 1-2: DOUBLE (Line Drive, 78XD, EV 110.6 MPH) Jessie Fisher to third
|
Pitching: RHP Jaime Kijowski
|
|
Batting: LHB Vince McLane
|
0-0: Ground out 4-3 (Groundball, 34, EV 88.8 MPH)
|
Bottom of the 4th over - 2 runs, 4 hits, 0 errors, 2 left on base; Cincinnati (NYP) 0 - Auburn 5 |
TOP OF THE 5TH |
Cincinnati (NYP) Reds batting - Pitching for Auburn Doubledays : LHP Peni Keli'i
|
Batting: SHB Cesar Pelayo
|
0-0: Ball 1-0: Ball 2-0: Called Strike 2-1: Reached via error on a dropped throw from 1B, E1 (Groundball, 34S, EV 79.4 MPH)
|
Batting: RHB R.J. Romberg
|
0-0: Called Strike 0-1: Hit by Pitch Cesar Pelayo to second
|
Batting: LHB Jason Pirkle
|
0-0: Called Strike 0-1: Ball 1-1: Ball 2-1: Called Strike 2-2: Foul Ball, location: 2F 2-2: Strikes out swinging
|
Batting: RHB Cyd Carver
|
0-0: Called Strike 0-1: SINGLE (Groundball, 6MD, EV 105.6 MPH) Cesar Pelayo to third R.J. Romberg to second Runner from 3rd tries for Home, SAFE, throw by CF to home
|
Batting: LHB Akira Yamano
|
0-0: Foul Ball, location: 2F 0-1: Swinging Strike 0-2: Foul Ball, location: 2F 0-2: Fly out, F7 (Flyball, 78M, EV 96.2 MPH)
|
Batting: RHB Randy Grewe
|
0-0: Ball 1-0: Fielders Choice at 2nd, 5-4 (Groundball, 5, EV 105.0 MPH)
|
Top of the 5th over - 1 run, 1 hit, 1 error, 2 left on base; Cincinnati (NYP) 1 - Auburn 5 |
BOTTOM OF THE 5TH |
Auburn Doubledays batting - Pitching for Cincinnati (NYP) Reds : RHP Jaime Kijowski
|
Batting: RHB Leo Gutierrez
|
0-0: Ball 1-0: Called Strike 1-1: Ball 2-1: Foul Ball, location: 2F 2-2: Ball 3-2: Foul Ball, location: 2F 3-2: Ground out 3-1 (Groundball, 34S, EV 84.4 MPH)
|
Batting: RHB Justin Davenport
|
0-0: Foul Ball, location: 2F 0-1: Ball 1-1: SINGLE (Line Drive, 56, EV 97.5 MPH)
|
Batting: RHB Jim Towle
|
0-0: Ball 1-0: Ball 2-0: Ball 3-0: Called Strike 3-1: Foul Ball, location: 2F 3-2: Fly out, F7 (Flyball, 7LMF, EV 85.6 MPH)
|
Batting: LHB Chris Williams
|
0-0: Foul Ball, location: 2F 0-1: Foul Ball, location: 2F 0-2: Ball 1-2: Strikes out swinging
|
Bottom of the 5th over - 0 runs, 1 hit, 0 errors, 1 left on base; Cincinnati (NYP) 1 - Auburn 5 |
TOP OF THE 6TH |
Cincinnati (NYP) Reds batting - Pitching for Auburn Doubledays : LHP Peni Keli'i
|
Batting: RHB Tim Walter
|
0-0: Ball 1-0: Ground out 5-3 (Groundball, 56, EV 86.9 MPH)
|
Batting: RHB David Clough
|
0-0: Ball 1-0: Foul Ball, location: 2F 1-1: Ball 2-1: Swinging Strike 2-2: Strikes out swinging, 2-3 out at first.
|
Batting: RHB Jon Marquez
|
0-0: Called Strike 0-1: Called Strike 0-2: Strikes out swinging
|
Top of the 6th over - 0 runs, 0 hits, 0 errors, 0 left on base; Cincinnati (NYP) 1 - Auburn 5 |
BOTTOM OF THE 6TH |
Auburn Doubledays batting - Pitching for Cincinnati (NYP) Reds : RHP Jaime Kijowski
|
Batting: RHB Er Le
|
0-0: Ball 1-0: Hit by Pitch
|
Batting: LHB Adam Jacobs
|
0-0: Called Strike Er Le steals 2nd base 0-1: Ball 1-1: Ball 2-1: Ball 3-1: Base on Balls
|
Batting: RHB Jessie Fisher
|
0-0: Ball 1-0: Foul Ball, location: 2F 1-1: Ball 2-1: Ball 3-1: Foul Ball, location: 2F 3-2: SINGLE (Line Drive, 3L, EV 98.1 MPH) Er Le to third Adam Jacobs to second
|
Batting: RHB Bobby Bricker
|
0-0: Ball 1-0: Fielders Choice at 2nd, 6-4 (Groundball, 6, EV 90.0 MPH) Er Le scores Adam Jacobs to third
|
Batting: LHB Vince McLane
|
0-0: Ball Bobby Bricker steals 2nd base 1-0: Ball 2-0: Called Strike 2-1: Ground out U3 (Groundball, 3, EV 103.8 MPH)
|
Batting: RHB Leo Gutierrez
|
0-0: Hit by Pitch
|
Batting: RHB Justin Davenport
|
0-0: Called Strike 0-1: Foul Ball, location: 2F 0-2: Ball 1-2: Strikes out looking
|
Bottom of the 6th over - 1 run, 1 hit, 0 errors, 3 left on base; Cincinnati (NYP) 1 - Auburn 6 |
TOP OF THE 7TH |
Cincinnati (NYP) Reds batting - Pitching for Auburn Doubledays : LHP Peni Keli'i
|
Pitching: RHP Bastien Perrini
|
|
Batting: SHB Cesar Pelayo
|
0-0: Ball 1-0: Fly out, F8 (Flyball, 89M, EV 78.1 MPH)
|
Batting: RHB R.J. Romberg
|
0-0: Ball 1-0: Foul Ball, location: 2F 1-1: Ground out U3 (Groundball, 34, EV 91.9 MPH)
|
Batting: LHB Jason Pirkle
|
0-0: Ball 1-0: DOUBLE (Line Drive, 7LS, EV 103.8 MPH)
|
Batting: RHB Cyd Carver
|
0-0: Called Strike 0-1: Foul Ball, location: 2F 0-2: Ground out 6-3 (Groundball, 6MS, EV 61.9 MPH)
|
Top of the 7th over - 0 runs, 1 hit, 0 errors, 1 left on base; Cincinnati (NYP) 1 - Auburn 6 |
BOTTOM OF THE 7TH |
Auburn Doubledays batting - Pitching for Cincinnati (NYP) Reds : RHP Jaime Kijowski
|
Batting: RHB Jim Towle
|
0-0: Called Strike 0-1: Swinging Strike 0-2: Foul Ball, location: 2F 0-2: Ball 1-2: Ball 2-2: Ball 3-2: Hit by Pitch
|
Pitching: RHP Ramon Pedroza
|
|
Batting: LHB Chris Williams
|
0-0: Ball Jim Towle steals 2nd base 1-0: Called Strike 1-1: Swinging Strike 1-2: Strikes out swinging
|
Batting: RHB Er Le
|
0-0: Called Strike 0-1: Foul Ball, location: 2F 0-2: Ball 1-2: Ball 2-2: Foul Ball, location: 2F 2-2: Foul Ball, location: 2F 2-2: Strikes out swinging
|
Batting: LHB Adam Jacobs
|
0-0: Ball 1-0: Called Strike 1-1: Swinging Strike 1-2: Strikes out swinging
|
Bottom of the 7th over - 0 runs, 0 hits, 0 errors, 1 left on base; Cincinnati (NYP) 1 - Auburn 6 |
TOP OF THE 8TH |
Cincinnati (NYP) Reds batting - Pitching for Auburn Doubledays : RHP Bastien Perrini
|
Batting: LHB Akira Yamano
|
0-0: SINGLE (Groundball, 34D, EV 99.4 MPH)
|
Batting: RHB Randy Grewe
|
0-0: Fielders Choice at 2nd, 1-4 (Groundball, P, EV 70.6 MPH)
|
Pinch Hitting: LHB Matthew Berry
|
0-0: Foul Ball, location: 2F 0-1: Ball 1-1: Ball 2-1: Ball 3-1: Fly out, F3 (Popup, 3SF, EV 73.8 MPH)
|
Batting: RHB David Clough
|
0-0: Ball 1-0: Ball 2-0: Ball 3-0: Called Strike 3-1: Foul Ball, location: 2F 3-2: Strikes out swinging, 2-3 out at first.
|
Top of the 8th over - 0 runs, 1 hit, 0 errors, 1 left on base; Cincinnati (NYP) 1 - Auburn 6 |
BOTTOM OF THE 8TH |
Auburn Doubledays batting - Pitching for Cincinnati (NYP) Reds : RHP Ramon Pedroza
|
Now at 2B: Cyd Carver
|
|
Now at SS: Yasusaburo Kuwahara
|
|
Batting: RHB Jessie Fisher
|
0-0: Called Strike 0-1: Ball 1-1: Foul Ball, location: 2F 1-2: Strikes out swinging
|
Batting: RHB Bobby Bricker
|
0-0: Ball 1-0: Ball 2-0: Ball 3-0: Base on Balls
|
Batting: LHB Vince McLane
|
0-0: Called Strike Bobby Bricker steals 2nd base 0-1: Ball 1-1: Swinging Strike 1-2: Ball 2-2: Foul Ball, location: 2F 2-2: Ball 3-2: Foul Ball, location: 2F 3-2: Base on Balls
|
Batting: RHB Leo Gutierrez
|
0-0: Called Strike Bobby Bricker steals 3rd base 0-1: Ball 1-1: Foul Ball, location: 2F 1-2: SINGLE (Groundball, 56D, EV 94.4 MPH) Bobby Bricker scores Vince McLane to second
|
Pitching: RHP Gabe Kelso
|
|
Batting: RHB Justin Davenport
|
0-0: Foul Ball, location: 2F 0-1: Fielders Choice at 2nd, 5-4 (Groundball, 5, EV 103.1 MPH) Vince McLane to third
|
Batting: RHB Jim Towle
|
0-0: Foul Ball, location: 2F 0-1: Ball 1-1: Ball 2-1: Foul Ball, location: 2F 2-2: Ball 3-2: Foul Ball, location: 2F 3-2: Ground out 4-3 (Groundball, 4M, EV 83.8 MPH)
|
Bottom of the 8th over - 1 run, 1 hit, 0 errors, 2 left on base; Cincinnati (NYP) 1 - Auburn 7 |
TOP OF THE 9TH |
Cincinnati (NYP) Reds batting - Pitching for Auburn Doubledays : RHP Bastien Perrini
|
Batting: RHB Jon Marquez
|
0-0: Ball 1-0: Ball 2-0: Ball 3-0: Base on Balls
|
Batting: SHB Cesar Pelayo
|
0-0: Called Strike 0-1: Foul Ball, location: 2F 0-2: Ball 1-2: Foul Ball, location: 2F 1-2: Foul Ball, location: 2F 1-2: Foul Ball, location: 2F 1-2: Ball 2-2: Grounds into double play, 4-6-3 (Groundball, 34, EV 85.0 MPH)
|
Pinch Hitting: SHB Kristian Kristensen
|
0-0: Foul Ball, location: 2F 0-1: Called Strike 0-2: Strikes out swinging
|
Top of the 9th over - 0 runs, 0 hits, 0 errors, 0 left on base; Cincinnati (NYP) 1 - Auburn 7 |
|